General information
- name: BNet
- type: Ladder team game (AT/RT)
- host: Battle.net
- saver: TALONSAREIMBA
map: Battleground
- players: 8
- length: 18:22
- speed: Fast
- version: 1.24 W3XP
- replay type: Public
» download(167 KB)
Players
team 1 (winner)

»
Boca_bsb (
yellow | 70 APM | 1286 actions | 18:22)
6 Death Knight
3 Death Coil
1 Unholy Aura
1 Death Pact
1 Animate Dead
4 Lich
2 Frost Nova
1 Frost Armor
1 Dark Ritual
1 Crypt Lord
1 Impale
» actions
| Assign group hotkey | 24 | |
| Build / train | 51 | |
| Enter build submenu | 13 | |
| Enter hero's abilities submenu | 11 | |
| Give item / drop item | 5 | |
| Right click | 463 | |
| Select / deselect | 227 | |
| Select group hotkey | 408 | |
| Use ability | 84 | |
1286 total
» units
| Acolyte | 2 | |
| Ghoul | 4 | |
| Crypt Fiend | 15 | |
| Obsidian Statue | 2 | |
23 total
» upgrades
| Creature Attack | 2 | |
| Web | 1 | |
| Creature Carapace | 1 | |
4 total
» buildings
| Graveyard | 1 | |
| Crypt | 1 | |
| Altar of Darkness | 1 | |
| Ziggurat | 7 | |
| Tomb of Relics | 2 | |
| Nerubian Tower | 1 | |
| Halls of the Dead | 1 | |
| Black Citadel | 1 | |
| Slaughterhouse | 1 | |
16 total
» build order
00:11 Graveyard
00:18 Crypt
00:42 Altar of Darkness
00:58 Ziggurat
01:16 Tomb of Relics
01:55 Nerubian Tower
02:18 Ziggurat
03:55 Ziggurat
04:51 Halls of the Dead
05:02 Ziggurat
06:46 Ziggurat
08:08 Ziggurat
11:30 Black Citadel
12:52 Slaughterhouse
13:05 Ziggurat
15:57 Tomb of Relics
» items
| Rod of Necromancy | 2 | |
| Dust of Appearance | 1 | |
| Potion of Healing | 2 | |
| Scroll of Protection | 1 | |
| Potion of Lesser Invulnerability | 1 | |
7 total

»
Cronic-King (
red | 58 APM | 1057 actions | 18:22)
5 Far Seer
2 Feral Spirit
3 Chain Lighting
3 Shadow Hunter
1 Hex
2 Healing Wave
» actions
| Assign group hotkey | 59 | |
| Basic commands | 14 | |
| Build / train | 85 | |
| Enter build submenu | 15 | |
| Enter hero's abilities submenu | 8 | |
| Remove unit from queue | 1 | |
| Right click | 412 | |
| Select / deselect | 232 | |
| Select group hotkey | 159 | |
| Use ability | 72 | |
1057 total
» units
| Peon | 12 | |
| Grunt | 25 | |
| Spirit Walker | 4 | |
| Tauren | 2 | |
43 total
» upgrades
| Berserker Strength | 1 | |
| Pillage | 1 | |
| Shaman Training | 0 | |
| Spirit Walker Training | 2 | |
| Melee Weapons | 1 | |
| Armor | 1 | |
6 total
» buildings
| Altar of Storms | 1 | |
| Orc Burrow | 6 | |
| Barracks | 1 | |
| Voodoo Lounge | 1 | |
| Stronghold | 1 | |
| Spirit Lodge | 1 | |
| War Mill | 1 | |
| Fortress | 2 | |
| Tauren Totem | 2 | |
16 total
» build order
00:07 Altar of Storms
00:10 Orc Burrow
00:42 Barracks
01:43 Orc Burrow
02:06 Orc Burrow
02:32 Voodoo Lounge
04:26 Stronghold
08:27 Spirit Lodge
08:46 War Mill
09:33 Orc Burrow
13:40 Fortress
13:40 Fortress
16:04 Tauren Totem
16:07 Tauren Totem
16:14 Orc Burrow
17:48 Orc Burrow
» items
| Scroll of Speed | 2 | |
| Lesser Clarity Potion | 6 | |
| Healing Salve | 3 | |
| Scroll of Town Portal | 2 | |
| Potion of Healing | 1 | |
14 total

»
namblamember (
teal | 67 APM | 1223 actions | 18:22)
6 Shadow Hunter
3 Serpent Ward
3 Healing Wave
1 Far Seer
1 Feral Spirit
» actions
| Assign group hotkey | 16 | |
| Basic commands | 91 | |
| Build / train | 53 | |
| Enter build submenu | 11 | |
| Enter hero's abilities submenu | 7 | |
| Give item / drop item | 1 | |
| Remove unit from queue | 1 | |
| Right click | 469 | |
| Select / deselect | 265 | |
| Select group hotkey | 235 | |
| Use ability | 73 | |
1223 total
» units
» upgrades
| Berserker Strength | 1 | |
| Envenomed Spears | 1 | |
2 total
» buildings
| Altar of Storms | 1 | |
| Orc Burrow | 4 | |
| Barracks | 1 | |
| Voodoo Lounge | 1 | |
| Stronghold | 1 | |
| War Mill | 1 | |
| Beastiary | 2 | |
| Fortress | 1 | |
| Great Hall | 1 | |
13 total
» build order
00:07 Altar of Storms
00:19 Orc Burrow
00:49 Barracks
01:32 Orc Burrow
02:21 Orc Burrow
02:54 Voodoo Lounge
04:32 Stronghold
04:51 Orc Burrow
05:27 War Mill
07:24 Beastiary
07:29 Beastiary
13:57 Fortress
15:06 Great Hall
» items
| Healing Salve | 2 | |
| Lesser Clarity Potion | 2 | |
| Scroll of Town Portal | 1 | |
| Scroll of Speed | 1 | |
| Scroll of Healing | 3 | |
9 total
CounterGG (
green | 85 APM | 1570 actions | 18:22)
6 Tauren Chieftain
3 Shockwave
2 Endurance Aura
1 Reincarnation
» actions
| Assign group hotkey | 29 | |
| Basic commands | 78 | |
| Build / train | 56 | |
| ESC pressed | 1 | |
| Enter build submenu | 15 | |
| Enter hero's abilities submenu | 6 | |
| Remove unit from queue | 1 | |
| Right click | 682 | |
| Select / deselect | 210 | |
| Select group hotkey | 461 | |
| Use ability | 31 | |
1570 total
» units
| Peon | 9 | |
| Troll Headhunter/Berserker | 20 | |
| Shaman | 6 | |
35 total
» upgrades
| Ranged Weapons | 3 | |
| Armor | 1 | |
| Troll Regeneration | 1 | |
| Berserker Upgrade | 1 | |
| Shaman Training | 2 | |
8 total
» buildings
| Altar of Storms | 1 | |
| Orc Burrow | 7 | |
| War Mill | 1 | |
| Barracks | 2 | |
| Voodoo Lounge | 1 | |
| Stronghold | 1 | |
| Fortress | 1 | |
| Spirit Lodge | 1 | |
| Great Hall | 1 | |
16 total
» build order
00:07 Altar of Storms
00:21 Orc Burrow
01:08 War Mill
01:26 Barracks
01:37 Barracks
02:01 Orc Burrow
04:00 Voodoo Lounge
05:00 Orc Burrow
05:16 Orc Burrow
06:42 Stronghold
06:56 Orc Burrow
09:12 Fortress
09:35 Spirit Lodge
09:38 Orc Burrow
13:38 Orc Burrow
16:37 Great Hall
» items
| Healing Salve | 1 | |
| Scroll of Town Portal | 1 | |
| Potion of Lesser Invulnerability | 1 | |
3 total
team 2 (loser)
MR_ASTON_MARTIN (
pink | 155 APM | 2224 actions | 14:18)
4 Blademaster
2 Wind Walk
2 Critical Strike
1 Shadow Hunter
1 Hex
» actions
| Assign group hotkey | 31 | |
| Basic commands | 12 | |
| Build / train | 60 | |
| Enter build submenu | 14 | |
| Enter hero's abilities submenu | 5 | |
| Give item / drop item | 2 | |
| Right click | 1052 | |
| Select / deselect | 211 | |
| Select group hotkey | 731 | |
| Use ability | 106 | |
2224 total
» units
| Peon | 10 | |
| Grunt | 6 | |
| Raider | 6 | |
| Spirit Walker | 4 | |
26 total
» upgrades
| Berserker Strength | 1 | |
| Ensnare | 1 | |
2 total
» buildings
| Altar of Storms | 1 | |
| Orc Burrow | 6 | |
| Barracks | 2 | |
| Voodoo Lounge | 2 | |
| Stronghold | 1 | |
| Beastiary | 1 | |
| Spirit Lodge | 1 | |
14 total
» build order
00:05 Altar of Storms
00:20 Orc Burrow
00:36 Barracks
01:28 Orc Burrow
01:54 Voodoo Lounge
03:02 Stronghold
03:55 Orc Burrow
06:45 Voodoo Lounge
07:07 Orc Burrow
07:15 Beastiary
07:19 Barracks
07:19 Spirit Lodge
07:34 Orc Burrow
09:40 Orc Burrow
» items
| Healing Salve | 10 | |
| Boots of Speed | 1 | |
| Scroll of Speed | 2 | |
| Potion of Lesser Invulnerability | 1 | |
| Potion of Healing | 3 | |
| Potion of Mana | 2 | |
19 total
TeK-9.MuRkeD (
blue | 80 APM | 1157 actions | 14:22)
5 Blademaster
3 Wind Walk
2 Critical Strike
» actions
| Assign group hotkey | 7 | |
| Build / train | 74 | |
| Enter build submenu | 14 | |
| Enter hero's abilities submenu | 5 | |
| Give item / drop item | 3 | |
| Remove unit from queue | 9 | |
| Right click | 711 | |
| Select / deselect | 187 | |
| Select group hotkey | 83 | |
| Use ability | 64 | |
1157 total
» units
| Peon | 8 | |
| Wind Rider | 9 | |
| Kodo Beast | 4 | |
| Troll Headhunter/Berserker | 1 | |
22 total
» upgrades
| Armor | 1 | |
| Ensnare | 0 | |
| Ranged Weapons | 3 | |
| Envenomed Spears | 1 | |
| War Drums Damage Increase | 1 | |
| Reinforced Defenses | 0 | |
| Berserker Upgrade | 1 | |
| Troll Regeneration | 1 | |
| Shaman Training | 1 | |
9 total
» buildings
| Altar of Storms | 1 | |
| Orc Burrow | 4 | |
| Voodoo Lounge | 1 | |
| Stronghold | 1 | |
| War Mill | 1 | |
| Beastiary | 2 | |
| Fortress | 2 | |
| Barracks | 2 | |
| Spirit Lodge | 1 | |
15 total
» build order
00:08 Altar of Storms
00:17 Orc Burrow
00:51 Voodoo Lounge
02:13 Stronghold
02:24 Orc Burrow
02:28 War Mill
02:59 Orc Burrow
04:51 Beastiary
04:53 Beastiary
05:16 Fortress
05:17 Fortress
08:52 Orc Burrow
12:43 Barracks
12:45 Barracks
12:48 Spirit Lodge
» items
| Healing Salve | 2 | |
| Lesser Clarity Potion | 3 | |
| Scroll of Speed | 1 | |
| Boots of Speed | 1 | |
| Circlet of Nobility | 2 | |
| Orb of Lightning | 2 | |
| Potion of Lesser Invulnerability | 1 | |
12 total

»
TALONSAREIMBA (
orange | 130 APM | 2386 actions | 18:22)
7 Mountain King
3 Storm Bolt
3 Bash
1 Avatar
» actions
| Assign group hotkey | 27 | |
| Basic commands | 136 | |
| Build / train | 59 | |
| ESC pressed | 1 | |
| Enter build submenu | 14 | |
| Enter hero's abilities submenu | 7 | |
| Give item / drop item | 1 | |
| Right click | 1024 | |
| Select / deselect | 691 | |
| Select group hotkey | 367 | |
| Use ability | 59 | |
2386 total
» units
» upgrades
| Gunpowder | 2 | |
| Long Rifles | 1 | |
| Armor | 2 | |
5 total
» buildings
| Altar of Kings | 1 | |
| Farm | 7 | |
| Blacksmith | 1 | |
| Barracks | 2 | |
| Arcane Vault | 1 | |
| Lumber Mill | 1 | |
| Keep | 1 | |
14 total
» build order
00:05 Altar of Kings
00:07 Farm
00:25 Blacksmith
01:19 Barracks
01:36 Farm
02:29 Arcane Vault
03:03 Farm
03:22 Farm
03:37 Lumber Mill
03:50 Farm
04:25 Keep
04:40 Barracks
05:10 Farm
07:43 Farm
» items
| Scroll of Regeneration | 6 | |
| Lesser Clarity Potion | 1 | |
| Scroll of Town Portal | 4 | |
| Healing Salve | 1 | |
| Potion of Healing | 1 | |
| Potion of Mana | 2 | |
15 total

»
boozer77 (
purple | 48 APM | 836 actions | 17:29)
3 Keeper of the Grove
2 Entangling Roots
1 Thorns Aura
2 Priestess of the Moon
1 Trueshot Aura
1 Searing Arrows
1 Blademaster
1 Bladestorm
» actions
| Assign group hotkey | 22 | |
| Basic commands | 85 | |
| Build / train | 52 | |
| ESC pressed | 4 | |
| Enter build submenu | 17 | |
| Enter hero's abilities submenu | 7 | |
| Right click | 191 | |
| Select / deselect | 276 | |
| Select group hotkey | 124 | |
| Use ability | 58 | |
836 total
» units
| Wisp | 14 | |
| Huntress | 8 | |
| Dryad | 11 | |
| Archer | 2 | |
| Troll Batrider | 2 | |
37 total
» upgrades
| Moon Armor | 1 | |
| Strength of the Wild | 2 | |
| Abolish Magic | 1 | |
| Reinforced Hides | 1 | |
5 total
» buildings
| Altar of Elders | 1 | |
| Moon Well | 6 | |
| Hunter's Hall | 1 | |
| Ancient of War | 1 | |
| Ancient Protector | 1 | |
| Tree of Ages | 1 | |
| Ancient of Lore | 2 | |
| Ancient of Wonders | 1 | |
| Tree of Eternity | 1 | |
15 total
» build order
00:27 Altar of Elders
00:33 Moon Well
01:35 Hunter's Hall
01:40 Ancient of War
01:59 Moon Well
02:42 Ancient Protector
03:41 Tree of Ages
04:40 Moon Well
05:34 Moon Well
06:51 Ancient of Lore
06:56 Ancient of Lore
07:40 Ancient of Wonders
08:47 Moon Well
09:24 Moon Well
14:47 Tree of Eternity
Chat log
(00:16 / Allies) boozer77: units?
(00:17 / All) CounterGG: how can u find games with levl 30+++
(00:29 / All) TeK-9.MuRkeD: impossible
(00:32 / All) MR_ASTON_MARTIN: it's all about ELL
(00:42 / All) CounterGG: means ur % sucks
(00:43 / All) MR_ASTON_MARTIN: so thanks for telling me ur a nobo green
(00:48 / All) MR_ASTON_MARTIN: ya
(00:50 / All) MR_ASTON_MARTIN: i lose on purpose
(00:55 / All) MR_ASTON_MARTIN: random is 1-145
(00:58 / All) MR_ASTON_MARTIN: whats ur point
(01:00 / All) CounterGG: i was in ur clan
(01:14 / All) MR_ASTON_MARTIN: prepared to get owned
(01:49 / Allies) MR_ASTON_MARTIN: grunts
(01:50 / Allies) MR_ASTON_MARTIN: raiders
(01:51 / Allies) MR_ASTON_MARTIN: walkers
(02:05 / Allies) boozer77: hunt chim
(02:08 / Allies) TeK-9.MuRkeD: lol thats like playing solo in 4s
(02:15 / Allies) MR_ASTON_MARTIN: ya
(02:17 / Allies) MR_ASTON_MARTIN: i rape noobs
(02:19 / Allies) MR_ASTON_MARTIN: small map
(02:24 / Allies) MR_ASTON_MARTIN: easy to pull off
(02:31 / Allies) MR_ASTON_MARTIN: chimms
(02:33 / Allies) MR_ASTON_MARTIN: 4
(02:59 / Allies) MR_ASTON_MARTIN: hh
(02:59 / Allies) MR_ASTON_MARTIN: plz
(03:19 / All) MR_ASTON_MARTIN: for real
(03:31 / Allies) MR_ASTON_MARTIN: tay
(03:33 / Allies) MR_ASTON_MARTIN: bleu coming
(03:47 / Allies) MR_ASTON_MARTIN: grunt
(04:07 / All) Cronic-King: lmao
(04:10 / All) CounterGG: for real
(04:11 / All) MR_ASTON_MARTIN: rofl
(04:12 / All) MR_ASTON_MARTIN: shockwave
(04:16 / All) Cronic-King: death to shock
(04:17 / All) Cronic-King: haha
(04:26 / All) MR_ASTON_MARTIN: micro ur hh plz
(04:40 / All) namblamember: watch out, its an internet tough guy
(04:41 / Allies) MR_ASTON_MARTIN: done
(04:41 / Allies) MR_ASTON_MARTIN: tech bro
(05:06 / Allies) TeK-9.MuRkeD: should i get air or raider bases?
(05:09 / Allies) MR_ASTON_MARTIN: air
(05:20 / Allies) MR_ASTON_MARTIN: fuk me
(05:20 / Allies) boozer77: brt
(07:15 / Allies) boozer77: change of plans
(07:16 / Allies) boozer77: goin dryads
(08:03 / Allies) boozer77: hit?
(08:06 / Allies) MR_ASTON_MARTIN: wait
(08:10 / Allies) boozer77: for?
(08:24 / Allies) MR_ASTON_MARTIN: jstu creep
(08:43 / Allies) MR_ASTON_MARTIN: go
(08:52 / Allies) MR_ASTON_MARTIN: b
(08:53 / Allies) MR_ASTON_MARTIN: b
(08:53 / Allies) MR_ASTON_MARTIN: b
(08:53 / Allies) MR_ASTON_MARTIN: b
(08:53 / Allies) MR_ASTON_MARTIN: b
(08:54 / Allies) MR_ASTON_MARTIN: b
(08:54 / Allies) MR_ASTON_MARTIN: b
(08:55 / Allies) MR_ASTON_MARTIN: b
(08:55 / Allies) MR_ASTON_MARTIN: b
(08:55 / Allies) MR_ASTON_MARTIN: b
(08:56 / Allies) MR_ASTON_MARTIN: b
(08:56 / Allies) MR_ASTON_MARTIN: b
(09:10 / Allies) MR_ASTON_MARTIN: come on bro
(11:15 / Allies) MR_ASTON_MARTIN: ropagne wtf
(12:55 / Allies) boozer77: wood plz
(13:03 / Allies) boozer77: ty
(13:49 / Allies) TALONSAREIMBA: buy a tp
(14:08 / Allies) boozer77: get outta there
(14:17 / All) MR_ASTON_MARTIN: thans
(14:27 / All) CounterGG: gg
(14:29 / All) boozer77: gg
(14:33 / All) namblamember: gg
(16:52 / All) Boca_bsb: dont u love me??
(17:00 / All) boozer77: neg
(17:35 / All) namblamember: orange you are brutal
(17:36 / All) namblamember: leave
(17:47 / All) CounterGG: lol